AoeStats
← EMPEROR98265292

Golden Pit

507497129Analyzed
1v1 RM · 14d ago on Sep 18, 2026· 20m 3s· 2 players
Game mode
Random Map
Map size
Tiny (2 player)
Population
200
Speed
Normal
Resources
Standard
Victory
Conquest
Starting age
Dark Age
Ending age
Imperial Age
RankedLock teamsTeams togetherTeam positionsShared explorationLock speedFull tech treeHidden civsTurbo modeCheats
Victory
Defeat
🇦🇷 Vikings · Argentina
1572
+16
🇮🇳 Wei · India
1565
-16
EMPEROR98265292
5:39 Loom
12:45 Feudal Age
13:45 Double-Bit Axe
22:36 Castle Age
AceroCromo
7:52 Loom
10:08 Feudal Age
16:45 Castle Age
15:44 Double-Bit Axe
15:51 Horse Collar
15:58 Man-at-Arms
16:48 Scale Mail Armor
17:12 Man-at-Arms
17:59 Scale Mail Armor
Connection lost

Rejoining the realm…

Still unreachable

The connection could not be restored.

Session expired

The server has moved on; the page needs a fresh start.